| TOP OF THE 1ST |
|
Williamsport Crosscutters batting - Pitching for Eugene Emeralds : RHP Luis Solis
|
|
Pitching: RHP Luis Solis
|
|
|
Batting: RHB Xavier Castellanos
|
0-0: Called Strike 0-1: Ball 1-1: Fly out, F8 (Flyball, 78XD, EV 108.8 MPH)
|
|
Batting: RHB Jason Ostrom
|
0-0: Called Strike 0-1: Bunt missed! 0-2: Foul Ball, location: 2F 0-2: Ball 1-2: Ball 2-2: Ball 3-2: Foul Ball, location: 2F 3-2: Base on Balls
|
|
Batting: RHB John Manocchio
|
0-0: Ground out 4-3 (Groundball, 3D, EV 88.1 MPH) Jason Ostrom to second
|
|
Batting: RHB John Parra
|
0-0: Called Strike Balk! Jason Ostrom to third Balk! Jason Ostrom scores 0-1: Ball 1-1: DOUBLE (Groundball, 5L, EV 103.1 MPH)
|
|
Batting: SHB Nick Chandler
|
0-0: Called Strike 0-1: Ball 1-1: 2-RUN HOME RUN (Flyball, 9D, EV 101.2 MPH), Distance : 413 ft
|
|
Batting: SHB Art Kent
|
0-0: Called Strike 0-1: Called Strike 0-2: Foul Ball, location: 2F 0-2: Ball 1-2: Strikes out looking
|
| Top of the 1st over - 3 runs, 2 hits, 0 errors, 0 left on base; Williamsport 3 - Eugene 0 |
| BOTTOM OF THE 1ST |
|
Eugene Emeralds batting - Pitching for Williamsport Crosscutters : RHP Carlos Palacios
|
|
Pitching: RHP Carlos Palacios
|
|
|
Batting: RHB Du Kim
|
0-0: Ball 1-0: Called Strike 1-1: Ball 2-1: Fly out, F9 (Line Drive, 9, EV 96.9 MPH)
|
|
Batting: RHB Ricky Ramirez
|
0-0: Called Strike 0-1: Ground out 5-3 (Groundball, 56S, EV 85.6 MPH)
|
|
Batting: LHB Wing-tat Tai
|
0-0: Called Strike 0-1: Foul Ball, location: 2F 0-2: Fly out, F9 (Flyball, 9D, EV 100.6 MPH)
|
| Bottom of the 1st over - 0 runs, 0 hits, 0 errors, 0 left on base; Williamsport 3 - Eugene 0 |
| TOP OF THE 2ND |
|
Williamsport Crosscutters batting - Pitching for Eugene Emeralds : RHP Luis Solis
|
|
Batting: RHB Shintaro Katsumata
|
0-0: Swinging Strike 0-1: Ball 1-1: Ball 2-1: Ball 3-1: Foul Ball, location: 2F 3-2: Base on Balls
|
|
Batting: RHB Nick Cottrell
|
0-0: Called Strike 0-1: Ball 1-1: SINGLE (Line Drive, 34D, EV 96.2 MPH) Shintaro Katsumata to second Runner from 2nd tries for 3rd, SAFE, throw by RF made to third
|
|
Batting: RHB Micah McErlean
|
0-0: Called Strike 0-1: Ball 1-1: Ball Wild Pitch! Shintaro Katsumata scores Nick Cottrell to second 2-1: Foul Ball, location: 2F 2-2: Ball 3-2: Strikes out looking
|
|
Batting: RHB Xavier Castellanos
|
Balk! Nick Cottrell to third 0-0: Ball 1-0: Foul Ball, location: 2F 1-1: Foul Ball, location: 2F 1-2: Ball Balk! Nick Cottrell scores 2-2: Foul Ball, location: 2F 2-2: Hit by Pitch
|
|
Batting: RHB Jason Ostrom
|
Balk! Xavier Castellanos to second 0-0: Called Strike Xavier Castellanos steals 3rd base 0-1: Foul Ball, location: 2F 0-2: Ball Wild Pitch! Xavier Castellanos scores 1-2: Reached on error, E6 (Groundball, P, EV 86.2 MPH)
|
|
Pitching: RHP Reginald Bamber
|
|
|
Batting: RHB John Manocchio
|
0-0: Fly out, F2 (Popup, 23F, EV 89.4 MPH)
|
|
Batting: RHB John Parra
|
0-0: Foul Ball, location: 2F 0-1: Swinging Strike 0-2: Ball 1-2: Ground out U3 (Groundball, 13, EV 86.2 MPH)
|
| Top of the 2nd over - 3 runs, 1 hit, 1 error, 1 left on base; Williamsport 6 - Eugene 0 |
| BOTTOM OF THE 2ND |
|
Eugene Emeralds batting - Pitching for Williamsport Crosscutters : RHP Carlos Palacios
|
|
Batting: RHB Mike Hill
|
0-0: Ball 1-0: Foul Ball, location: 2F 1-1: Ground out 5-3 (Groundball, 5, EV 105.0 MPH)
|
|
Batting: RHB Bill Holmes
|
0-0: Called Strike 0-1: Ball 1-1: Ground out 4-3 (Groundball, 4, EV 102.5 MPH)
|
|
Batting: RHB Dave de Wolff
|
0-0: DOUBLE (Line Drive, 9LM, EV 105.6 MPH)
|
|
Batting: RHB Gilberto Alvarado
|
0-0: Ball 1-0: Ball 2-0: SINGLE (Groundball, 6MS, EV 61.9 MPH) (infield hit) Dave de Wolff to third
|
|
Batting: RHB David Bousfield
|
0-0: Fly out, F9 (Flyball, 89S, EV 76.9 MPH)
|
| Bottom of the 2nd over - 0 runs, 2 hits, 0 errors, 2 left on base; Williamsport 6 - Eugene 0 |
| TOP OF THE 3RD |
|
Williamsport Crosscutters batting - Pitching for Eugene Emeralds : RHP Reginald Bamber
|
|
Batting: SHB Nick Chandler
|
0-0: Swinging Strike 0-1: Ground out U3 (Groundball, 3S, EV 90.0 MPH)
|
|
Batting: SHB Art Kent
|
0-0: Called Strike 0-1: Called Strike 0-2: Strikes out swinging
|
|
Batting: RHB Shintaro Katsumata
|
0-0: Ball 1-0: Called Strike 1-1: DOUBLE (Line Drive, 7LM, EV 113.8 MPH)
|
|
Batting: RHB Nick Cottrell
|
0-0: Foul Ball, location: 2F 0-1: Ball 1-1: Ball 2-1: Foul Ball, location: 2F 2-2: Foul Ball, location: 2F 2-2: Ball 3-2: Base on Balls
|
|
Batting: RHB Micah McErlean
|
0-0: Called Strike 0-1: Called Strike 0-2: Foul Ball, location: 2F 0-2: Strikes out swinging
|
| Top of the 3rd over - 0 runs, 1 hit, 0 errors, 2 left on base; Williamsport 6 - Eugene 0 |
| BOTTOM OF THE 3RD |
|
Eugene Emeralds batting - Pitching for Williamsport Crosscutters : RHP Carlos Palacios
|
|
Batting: RHB Dan Orozco
|
0-0: Ball 1-0: Fly out, F8 (Line Drive, 8RS, EV 88.8 MPH)
|
|
Batting: RHB Du Kim
|
0-0: Ball 1-0: Called Strike 1-1: Called Strike 1-2: Ball 2-2: SINGLE (Groundball, 6MD, EV 102.5 MPH)
|
|
Batting: RHB Ricky Ramirez
|
0-0: Called Strike 0-1: Ball Du Kim is caught stealing 2nd base 2-4 1-1: Called Strike 1-2: Strikes out swinging
|
| Bottom of the 3rd over - 0 runs, 1 hit, 0 errors, 0 left on base; Williamsport 6 - Eugene 0 |
| TOP OF THE 4TH |
|
Williamsport Crosscutters batting - Pitching for Eugene Emeralds : RHP Reginald Bamber
|
|
Batting: RHB Xavier Castellanos
|
0-0: Ball 1-0: Ball 2-0: Ball 3-0: Called Strike 3-1: Foul Ball, location: 2F 3-2: Ground out 5-3 (Groundball, 5L, EV 80.6 MPH)
|
|
Batting: RHB Jason Ostrom
|
0-0: DOUBLE (Flyball, 8RXD, EV 105.0 MPH)
|
|
Pitching: LHP Wilhelm Myers
|
|
|
Batting: RHB John Manocchio
|
0-0: Called Strike 0-1: Ball 1-1: Ball 2-1: Foul Ball, location: 2F 2-2: SINGLE (Groundball, 34D, EV 94.4 MPH) Jason Ostrom to third Runner from 3rd tries for Home, SAFE, throw by RF to home John Manocchio to second
|
|
Batting: RHB John Parra
|
0-0: Ball 1-0: Called Strike 1-1: Called Strike 1-2: DOUBLE (Flyball, 78D, EV 98.1 MPH) John Manocchio scores
|
|
Batting: SHB Nick Chandler
|
0-0: Called Strike 0-1: Swinging Strike 0-2: Foul Ball, location: 2F 0-2: Ball 1-2: Ball 2-2: Ball 3-2: Ground out 6-3 (Groundball, 6, EV 88.8 MPH) John Parra to third
|
|
Batting: SHB Art Kent
|
0-0: Ball 1-0: Ground out U3 (Groundball, 34S, EV 80.0 MPH)
|
| Top of the 4th over - 2 runs, 3 hits, 0 errors, 1 left on base; Williamsport 8 - Eugene 0 |
| BOTTOM OF THE 4TH |
|
Eugene Emeralds batting - Pitching for Williamsport Crosscutters : RHP Carlos Palacios
|
|
Batting: LHB Wing-tat Tai
|
0-0: Ball 1-0: Foul Ball, location: 2F 1-1: Foul Ball, location: 2F 1-2: Foul Ball, location: 2F 1-2: Ball 2-2: Fly out, F9 (Flyball, 9D, EV 92.5 MPH)
|
|
Batting: RHB Mike Hill
|
0-0: Ball 1-0: Ball 2-0: Called Strike 2-1: Foul Ball, location: 2F 2-2: Ball 3-2: Strikes out swinging, 2-3 out at first.
|
|
Batting: RHB Bill Holmes
|
0-0: Ball 1-0: Ball 2-0: DOUBLE (Flyball, 8RXD, EV 93.8 MPH)
|
|
Batting: RHB Dave de Wolff
|
0-0: TRIPLE (Groundball, 3L, EV 105.6 MPH) Bill Holmes scores
|
|
Batting: RHB Gilberto Alvarado
|
0-0: Foul Ball, location: 2F 0-1: SINGLE (Groundball, 6S, EV 66.2 MPH) (infield hit) Dave de Wolff scores
|
|
Batting: RHB David Bousfield
|
0-0: Ball 1-0: Called Strike 1-1: Called Strike Gilberto Alvarado steals 2nd base 1-2: Ball 2-2: Fly out, F8 (Flyball, 8RD, EV 103.1 MPH)
|
| Bottom of the 4th over - 2 runs, 3 hits, 0 errors, 1 left on base; Williamsport 8 - Eugene 2 |
| TOP OF THE 5TH |
|
Williamsport Crosscutters batting - Pitching for Eugene Emeralds : LHP Wilhelm Myers
|
|
Batting: RHB Shintaro Katsumata
|
0-0: Called Strike 0-1: Ball 1-1: Ball 2-1: Swinging Strike 2-2: Ball 3-2: Ground out 4-3 (Groundball, 34, EV 102.5 MPH)
|
|
Batting: RHB Nick Cottrell
|
0-0: Ball 1-0: Ground out 4-3 (Groundball, 4M, EV 108.1 MPH)
|
|
Batting: RHB Micah McErlean
|
0-0: Ground out 4-3 (Groundball, 4D, EV 97.5 MPH)
|
| Top of the 5th over - 0 runs, 0 hits, 0 errors, 0 left on base; Williamsport 8 - Eugene 2 |
| BOTTOM OF THE 5TH |
|
Eugene Emeralds batting - Pitching for Williamsport Crosscutters : RHP Carlos Palacios
|
|
Batting: RHB Dan Orozco
|
0-0: Called Strike 0-1: SINGLE (Line Drive, 9LS, EV 92.5 MPH)
|
|
Batting: RHB Du Kim
|
0-0: Called Strike 0-1: Hit by Pitch Dan Orozco to second
|
|
Batting: RHB Ricky Ramirez
|
0-0: Fly out, F7 (Line Drive, 7, EV 97.5 MPH)
|
|
Batting: LHB Wing-tat Tai
|
0-0: Ball 1-0: Ball 2-0: Called Strike 2-1: Ball 3-1: Fly out, F7 (Flyball, 78XD, EV 99.4 MPH) Runner from 2nd tags up, SAFE at 3rd, no throw by LF
|
|
Batting: RHB Mike Hill
|
0-0: Ball 1-0: Ball 2-0: Called Strike 2-1: Ball 3-1: Foul Ball, location: 2F 3-2: Foul Ball, location: 2F 3-2: SINGLE (Flyball, 78S, EV 90.6 MPH) Dan Orozco scores Du Kim to second Du Kim to third
|
|
Batting: RHB Bill Holmes
|
0-0: Called Strike 0-1: Ball 1-1: Ball 2-1: Foul Ball, location: 2F 2-2: Ball 3-2: Strikes out looking
|
| Bottom of the 5th over - 1 run, 2 hits, 0 errors, 2 left on base; Williamsport 8 - Eugene 3 |
| TOP OF THE 6TH |
|
Williamsport Crosscutters batting - Pitching for Eugene Emeralds : LHP Wilhelm Myers
|
|
Batting: RHB Xavier Castellanos
|
0-0: Ball 1-0: Called Strike 1-1: Swinging Strike 1-2: Foul Ball, location: 2F 1-2: Ball 2-2: Ball 3-2: Ground out 3-1 (Groundball, 34, EV 89.4 MPH)
|
|
Batting: RHB Jason Ostrom
|
0-0: Called Strike 0-1: Swinging Strike 0-2: Foul Ball, location: 2F 0-2: Ball 1-2: Ball 2-2: Ball 3-2: SINGLE (Groundball, 6S, EV 67.5 MPH) (infield hit)
|
|
Batting: RHB John Manocchio
|
0-0: Ball 1-0: Ball 2-0: Called Strike 2-1: Ball Jason Ostrom is caught stealing 2nd base 2-4 3-1: Foul Ball, location: 2F 3-2: Base on Balls
|
|
Batting: RHB John Parra
|
0-0: Ball 1-0: Called Strike 1-1: Foul Ball, location: 2F 1-2: Ball 2-2: Ball 3-2: Foul Ball, location: 2F 3-2: Base on Balls John Manocchio to second
|
|
Batting: SHB Nick Chandler
|
0-0: Called Strike John Manocchio steals 3rd base John Parra to second 0-1: Ball Passed Ball! John Manocchio scores John Parra to third 1-1: Ball 2-1: Swinging Strike 2-2: Ground out 6-3 (Groundball, 6, EV 103.8 MPH)
|
| Top of the 6th over - 1 run, 1 hit, 0 errors, 1 left on base; Williamsport 9 - Eugene 3 |
| BOTTOM OF THE 6TH |
|
Eugene Emeralds batting - Pitching for Williamsport Crosscutters : RHP Carlos Palacios
|
|
Batting: RHB Dave de Wolff
|
0-0: Called Strike 0-1: Swinging Strike 0-2: Strikes out looking
|
|
Batting: RHB Gilberto Alvarado
|
0-0: Ball 1-0: Ball 2-0: Called Strike 2-1: Ground out 5-3 (Groundball, 56, EV 91.2 MPH)
|
|
Batting: RHB David Bousfield
|
0-0: Called Strike 0-1: Fly out, F4 (Popup, 4, EV 60.6 MPH)
|
| Bottom of the 6th over - 0 runs, 0 hits, 0 errors, 0 left on base; Williamsport 9 - Eugene 3 |
| TOP OF THE 7TH |
|
Williamsport Crosscutters batting - Pitching for Eugene Emeralds : LHP Wilhelm Myers
|
|
Batting: SHB Art Kent
|
0-0: Ball 1-0: Called Strike 1-1: Ball 2-1: Foul Ball, location: 2F 2-2: Ground out 6-3 (Groundball, 6, EV 86.9 MPH)
|
|
Pitching: RHP Brian Jarrett
|
|
|
Batting: RHB Shintaro Katsumata
|
0-0: Ball 1-0: Foul Ball, location: 2F 1-1: Ball 2-1: Foul Ball, location: 2F 2-2: Ball 3-2: SINGLE (Line Drive, 8LS, EV 102.5 MPH)
|
|
Batting: RHB Nick Cottrell
|
0-0: Called Strike 0-1: Ball 1-1: Foul Ball, location: 2F 1-2: Fly out, F9 (Flyball, 9S, EV 85.6 MPH)
|
|
Batting: RHB Micah McErlean
|
0-0: Called Strike 0-1: Called Strike Shintaro Katsumata steals 2nd base 0-2: Foul Ball, location: 2F 0-2: Ground out 6-3 (Groundball, 6S, EV 86.9 MPH)
|
| Top of the 7th over - 0 runs, 1 hit, 0 errors, 1 left on base; Williamsport 9 - Eugene 3 |
| BOTTOM OF THE 7TH |
|
Eugene Emeralds batting - Pitching for Williamsport Crosscutters : RHP Carlos Palacios
|
|
Batting: RHB Dan Orozco
|
0-0: Called Strike 0-1: Ground out 1-3 (Groundball, 34S, EV 76.2 MPH)
|
|
Batting: RHB Du Kim
|
0-0: Fly out, F9 (Flyball, 9, EV 91.2 MPH)
|
|
Batting: RHB Ricky Ramirez
|
0-0: Ball 1-0: Ground out 5-3 (Groundball, 56, EV 85.0 MPH)
|
| Bottom of the 7th over - 0 runs, 0 hits, 0 errors, 0 left on base; Williamsport 9 - Eugene 3 |
| TOP OF THE 8TH |
|
Williamsport Crosscutters batting - Pitching for Eugene Emeralds : RHP Brian Jarrett
|
|
Batting: RHB Xavier Castellanos
|
0-0: Called Strike 0-1: Foul Ball, location: 2F 0-2: Strikes out swinging
|
|
Batting: RHB Jason Ostrom
|
0-0: Ball 1-0: Called Strike 1-1: DOUBLE (Line Drive, 89M, EV 100.0 MPH)
|
|
Batting: RHB John Manocchio
|
0-0: Ball 1-0: Foul Ball, location: 2F 1-1: Ground out 4-3 (Groundball, 4S, EV 90.0 MPH) Jason Ostrom to third
|
|
Batting: RHB John Parra
|
0-0: Ball 1-0: Ball 2-0: Fly out, F8 (Flyball, 8LS, EV 90.0 MPH)
|
| Top of the 8th over - 0 runs, 1 hit, 0 errors, 1 left on base; Williamsport 9 - Eugene 3 |
| BOTTOM OF THE 8TH |
|
Eugene Emeralds batting - Pitching for Williamsport Crosscutters : RHP Carlos Palacios
|
|
Batting: LHB Wing-tat Tai
|
0-0: Ball 1-0: Ball 2-0: Ball 3-0: Called Strike 3-1: Base on Balls
|
|
Batting: RHB Mike Hill
|
0-0: Called Strike 0-1: Foul Ball, location: 2F 0-2: Ball 1-2: Ball 2-2: Foul Ball, location: 2F 2-2: Ball 3-2: Foul Ball, location: 2F 3-2: Base on Balls Wing-tat Tai to second
|
|
Pitching: LHP Justin Thornton
|
|
|
Batting: RHB Bill Holmes
|
0-0: Grounds into double play, 4-6-3 (Groundball, 4, EV 88.1 MPH) Wing-tat Tai to third
|
|
Batting: RHB Dave de Wolff
|
0-0: Ball 1-0: Ground out 6-3 (Groundball, 6, EV 85.6 MPH)
|
| Bottom of the 8th over - 0 runs, 0 hits, 0 errors, 1 left on base; Williamsport 9 - Eugene 3 |
| TOP OF THE 9TH |
|
Williamsport Crosscutters batting - Pitching for Eugene Emeralds : RHP Brian Jarrett
|
|
Pitching: RHP Alberto Cabrera
|
|
|
Batting: SHB Nick Chandler
|
0-0: Fly out, F5 (Popup, 5F, EV 79.4 MPH)
|
|
Batting: SHB Art Kent
|
0-0: Called Strike 0-1: Fly out, F3 (Line Drive, 34, EV 64.4 MPH)
|
|
Batting: RHB Shintaro Katsumata
|
0-0: Ground out 1-3 (Groundball, 13S, EV 70.6 MPH)
|
| Top of the 9th over - 0 runs, 0 hits, 0 errors, 0 left on base; Williamsport 9 - Eugene 3 |
| BOTTOM OF THE 9TH |
|
Eugene Emeralds batting - Pitching for Williamsport Crosscutters : LHP Justin Thornton
|
|
Batting: RHB Gilberto Alvarado
|
0-0: Foul Ball, location: 2F 0-1: Ground out 4-3 (Groundball, 4, EV 101.9 MPH)
|
|
Batting: RHB David Bousfield
|
0-0: Called Strike 0-1: Swinging Strike 0-2: Strikes out looking
|
|
Batting: RHB Dan Orozco
|
0-0: Called Strike 0-1: Ball 1-1: Ground out 2-3 (Groundball, 2R, EV 73.1 MPH)
|
| Bottom of the 9th over - 0 runs, 0 hits, 0 errors, 0 left on base; Williamsport 9 - Eugene 3 |
|